 Dungeon Crawl Stone Soup version 0.24.0-123-gd5b16e6ec5 (webtiles) character file.

Game seed: 17602044850330088872, levelgen mode: deterministic

24534 DenSaoPin the Severer (level 12, -15/97 HPs)
             Began as a Minotaur Berserker on Jan 30, 2020.
             Was the Champion of Trog.
             Killed from afar by a fire giant (45 damage)
             ... with a bolt of fire
             ... on level 12 of the Dungeon.
             The game lasted 00:49:01 (10945 turns).

DenSaoPin the Severer (Minotaur Berserker)         Turns: 10945, Time: 00:49:02

Health: -15/97     AC: 20    Str: 24    XL:     12   Next: 81%
Magic:  11/11      EV:  6    Int:  6    God:    Trog [******]
Gold:   642        SH: 19    Dex: 16    Spells: 11/11 levels left

rFire    x . .     SeeInvis .   N - +6 broad axe (venom)
rCold    + . .     Gourm    .   B - +0 large shield
rNeg     . . .     Faith    +   y - +0 plate armour
rPois    .         Spirit   .   (helmet restricted)
rElec    .         Reflect  .   t - +0 cloak
rCorr    .         Harm     .   z - +0 pair of gloves {Dex+3}
MR       ++...                  d - +0 pair of boots
Stlth    ..........             f - amulet of faith
HPRegen  1.00/turn              C - ring of ice
MPRegen  0.12/turn              (no ring)

@: berserk cooldown, regenerating, slowed, very slow
A: retaliatory headbutt, fangs 1, horns 2, blurry vision 1, clever 1, inhibited
regeneration
a: Berserk, Trog's Hand, Brothers in Arms, Renounce Religion


You were on level 12 of the Dungeon.
You worshipped Trog.
Trog was exalted by your worship.
You were very hungry.

You visited 1 branch of the dungeon, and saw 12 of its levels.

You collected 762 gold pieces.
You spent 120 gold pieces at shops.

Inventory:

Hand Weapons
 a - a +0 hand axe
 b - a +3 battleaxe of venom
 p - the +7 hunting sling "Yloa" {freeze, rC+ Str+4 Dex+6, unknown}
   (You found it on level 11 of the Dungeon)

   It causes projectiles fired from it to freeze those they strike, causing
   extra injury to most foes and up to half again as much damage against
   particularly susceptible opponents.
   They can also slow down cold-blooded creatures.
   It affects your strength (+4).
   It affects your dexterity (+6).
   It protects you from cold.
 s - the +7 dagger "Demon's Foe" {vamp, +Inv Int+3}
   (You found it on level 12 of the Dungeon)

   It inflicts no extra harm, but heals its wielder when it wounds a living foe.
   It affects your intelligence (+3).
   It lets you turn invisible.
 x - a +0 longbow
 M - the cursed +2 hunting sling of an ossuary {flame, rPois rF+ Str+6 Int-4, unknown}
   (You found it on level 7 of the Dungeon)

   It causes projectiles fired from it to burn those they strike, causing extra
   injury to most foes and up to half again as much damage against particularly
   susceptible opponents.
   It affects your strength (+6).
   It affects your intelligence (-4).
   It protects you from fire.
   It protects you from poison.
   It has a curse placed upon it.
 N - a +6 broad axe of venom (weapon)
 P - a +3 flail
 Q - a +1 battleaxe
 S - a +1 halberd of freezing
 T - the +2 war axe of the Apocalypse {chop, +Rage Str+3}
   (Trog gifted it to you on level 8 of the Dungeon)

   It inflicts extra damage upon your enemies.
   It affects your strength (+3).
   It lets you go berserk.
 U - a +2 great sword
 V - a +5 long sword of freezing
 X - a +4 spear of freezing
Missiles
 R - 241 arrows
Armour
 d - a +0 pair of boots (worn)
 l - a +0 large shield
 t - a +0 cloak (worn)
 y - a +0 plate armour (worn)
 z - a +0 pair of gloves of dexterity (worn)
 B - a +0 large shield (worn)
Jewellery
 f - an amulet of faith (around neck)
 C - a ring of ice (left hand)
 F - a +2 ring of strength {unknown}
 G - a +3 ring of intelligence
 L - an uncursed ring of protection from cold
 W - a +3 ring of intelligence
 Z - an uncursed ring of resist corrosion
Wands
 g - a wand of polymorph (8)
 k - a wand of enslavement (11)
 w - a wand of disintegration (9)
 K - a wand of scattershot (8)
 O - a wand of clouds (6)
 Y - a wand of flame (10)
Scrolls
 i - 5 scrolls of identify
 j - 10 scrolls of teleportation
 m - 3 scrolls of enchant armour {unknown}
 n - 3 scrolls of remove curse
 o - 2 scrolls of magic mapping
 u - a scroll of fog
 D - 4 scrolls of blinking
 E - 2 scrolls of enchant weapon
Potions
 e - 3 potions of resistance {unknown}
 h - a potion of flight {unknown}
 q - a potion of agility
 r - 7 potions of heal wounds
 v - 2 potions of ambrosia
 A - 2 potions of might
 H - 3 potions of curing
 I - 4 potions of haste
Comestibles
 c - 23 rations


   Skills:
 - Level 6.5 Fighting
 * Level 17.6 Axes
 - Level 12.3 Armour
 - Level 2.2 Dodging
 - Level 12.0 Shields


You had 11 spell levels left.
You didn't know any spells.
Your spell library was empty.

Dungeon Overview and Level Annotations

Branches:
Dungeon (12/15)            Temple (0/1) D:6            Lair (0/6) D:10
    Orc (0/2) D:9

Altars:
Cheibriados
Dithmenos
Wu Jian

Shops:
D:7 !

Annotations:
D:9 2 transporters


Innate Abilities, Weirdness & Mutations

You reflexively headbutt those who attack you in melee.
You have a pair of horns on your head.
You have very sharp teeth.
Scrolls take you a little longer to read.
Your mind is acute. (Int +2)
You do not regenerate when monsters are visible.


Message History

The fire giant is lightly wounded.
The fire giant hits you with a +0 great sword of flaming.
The fire giant burns you.
You hit the fire giant but do no damage.
The fire giant looks even sicker.
You headbutt the fire giant!
The fire giant is lightly wounded.
The fire giant gestures at you while chanting.
The bolt of fire hits you!!! The fire burns you terribly!
Ouch! That really hurt!
The fire giant hits you with a +0 great sword of flaming.
* * * LOW HITPOINT WARNING * * *
The fire giant burns you.
* * * LOW HITPOINT WARNING * * *
Your skin crawls.
You feel resistant to hostile enchantments.
You are feeling very hungry.
You block the fire giant's attack. The fire giant casts a spell at you.
The bolt of fire hits you!!! The fire burns you terribly!
You die...

. #.....#..#.)......##########'#.
..#.)...#..#...................'.
..#........#...................#.
..#...>....#...................#.
..#.......################.)...#.
..'.......#..............#.....#.
..#.......#.#######.######.....#.
..#..###..#.....(##......#.....#.
..#.......######@#######.##'####.
###.......#.HCC..##......#.......
....#######.#######.######.......
....# #.............. .##.#
#.............. .##.#
#.######.)..... ..<.#
#......#....... ....#
######.##...... ....# ##.....)


You could see 2 fire giants and a manticore.

Vanquished Creatures
  A fire dragon (D:12)
  2 hydras
  3 centaur warriors (D:12)
  Erica (D:10)
  An ogre mage (D:12)
  A two-headed ogre (D:8)
  Sonja (D:12)
  A skeletal warrior (D:12)
  4 unseen horrors
  A deep elf archer (D:12)
  A flayed ghost (D:12)
  3 ugly things
  An orc knight (D:12)
  A manticore (D:12)
  A black mamba (shapeshifter) (D:12)
  A komodo dragon (D:12)
  A tengu conjurer (D:12)
  2 trolls
  2 dream sheep (D:11)
  2 hippogriffs
  4 slime creatures (D:10)
  16 yaks
  A shadow (D:12)
  A wyvern (D:12)
  Sigmund (D:3)
  A vampire mosquito (D:12)
  2 hungry ghosts
  An acid dragon (D:11)
  2 ice beasts
  A sky beast (D:8)
  6 orc warriors
  A phantom (D:6)
  13 ogres
  A black bear (D:7)
  A necrophage (D:8)
  2 centaurs
  A crocodile (D:12)
  8 big kobolds
  8 bullfrogs
  2 gnoll sergeants (D:9)
  13 killer bees
  3 scorpions
  12 wights
  7 howler monkeys
  3 crimson imps
  A bullfrog zombie (D:6)
  A centaur zombie (D:7)
  2 hounds
  2 jellies
  4 bullfrog skeletons
  4 orc priests
  2 centaur skeletons
  Terence (D:3)
  6 iguanas
  A worker ant (shapeshifter) (D:12)
  6 orc wizards
  5 worker ants
  A killer bee zombie (D:9)
  9 gnolls
  9 adders
  3 shadow imps
  4 oozes
  An adder skeleton (D:4)
  3 worms
  4 dart slugs
  4 leopard geckos
  45 orcs
  5 giant cockroaches
  4 goblins
  4 hobgoblins
  20 jackals
  17 kobolds
  5 quokkas
  11 bats
  2 frilled lizards (D:3)
  A jackal zombie (D:8)
  A leopard gecko skeleton (D:4)
  5 rats
335 creatures vanquished.

Notes
Turn   | Place    | Note
-------+----------+-------------------------------------------
     0 | D:1      | DenSaoPin the Minotaur Berserker began the quest for the
                  | Orb.
     0 | D:1      | Reached XP level 1. HP: 19/19 MP: 0/0
    37 | D:1      | Reached skill level 4 in Axes
    37 | D:1      | Reached XP level 2. HP: 24/27 MP: 1/1
   267 | D:1      | Reached XP level 3. HP: 33/33 MP: 2/2
   948 | D:2      | Reached ** piety under Trog
  1040 | D:2      | Found a faded altar of an unknown god.
  1356 | D:2      | Reached XP level 4. HP: 40/41 MP: 3/3
  1553 | D:2      | Reached skill level 5 in Fighting
  1553 | D:2      | Reached skill level 5 in Axes
  1655 | D:3      | Noticed Terence
  1671 | D:3      | Killed Terence
  1953 | D:3      | Found a shadowy altar of Dithmenos.
  1956 | D:3      | Found a snail-covered altar of Cheibriados.
  2007 | D:3      | Noticed Sigmund
  2027 | D:3      | Killed Sigmund
  2027 | D:3      | Reached skill level 6 in Axes
  2027 | D:3      | Reached XP level 5. HP: 50/50 MP: 4/4
  2027 | D:3      | Reached XP level 6. HP: 57/57 MP: 5/5
  2401 | D:3      | Reached *** piety under Trog
  3416 | D:4      | You fall into a shaft and drop 2 floors!
  3450 | D:6      | Reached skill level 1 in Shields
  3549 | D:6      | Reached skill level 7 in Axes
  3554 | D:6      | Reached XP level 7. HP: 58/64 MP: 6/6
  3669 | D:6      | Found a staircase to the Ecumenical Temple.
  3738 | D:6      | Reached **** piety under Trog
  4011 | D:5      | Entered Level 5 of the Dungeon
  4275 | D:5      | Reached skill level 5 in Armour
  4277 | D:5      | Reached skill level 8 in Axes
  4372 | D:5      | Reached XP level 8. HP: 67/71 MP: 7/7
  5007 | D:7      | Found Moepuj's Distillery.
  5010 | D:7      | Bought a potion of haste for 120 gold pieces
  5156 | D:7      | Reached skill level 5 in Shields
  5181 | D:7      | Got a slimy hunting sling
  5580 | D:7      | Reached skill level 9 in Axes
  5661 | D:8      | Reached ***** piety under Trog
  5695 | D:8      | Reached XP level 9. HP: 78/78 MP: 8/8
  5772 | D:8      | Noticed a two-headed ogre
  5778 | D:8      | Killed a two-headed ogre
  5778 | D:8      | Reached skill level 10 in Axes
  6047 | D:8      | Found an ornate altar of the Wu Jian Council.
  6115 | D:8      | Received a gift from Trog
  6126 | D:8      | Got a bloodstained war axe {god gift}
  6128 | D:8      | Identified the +2 war axe of the Apocalypse {chop, +Rage
                  | Str+3} (Trog gifted it to you on level 8 of the Dungeon)
  6628 | D:9      | Found a staircase to the Orcish Mines.
  6628 | D:9      | Noticed a troll
  6650 | D:9      | Reached XP level 10. HP: 65/84 MP: 9/9
  6655 | D:9      | Reached skill level 11 in Axes
  6979 | D:9      | Reached skill level 10 in Armour
  7272 | D:9      | Found a transporter.
  7273 | D:9      | Found a transporter.
  7379 | D:10     | Entered Level 10 of the Dungeon
  7425 | D:10     | Gained mutation: You do not regenerate when monsters are
                  | visible. [potion of mutation]
  7425 | D:10     | Gained mutation: Your mind is acute. (Int +2) [potion of
                  | mutation]
  7425 | D:10     | Gained mutation: Scrolls take you a little longer to read.
                  | [potion of mutation]
  7425 | D:10     | Gained mutation: You have very sharp teeth. [potion of
                  | mutation]
  7563 | D:10     | Received a gift from Trog
  7563 | D:10     | Reached skill level 10 in Shields
  7728 | D:10     | Reached skill level 12 in Axes
  7871 | D:10     | Noticed Erica
  7900 | D:10     | Killed an unseen horror
  7911 | D:10     | Killed Erica
  7911 | D:10     | Reached XP level 11. HP: 60/91 MP: 10/10
  8201 | D:10     | Found a staircase to the Lair.
  8482 | D:11     | Got an encrusted hunting sling
  8727 | D:11     | Reached skill level 13 in Axes
  8751 | D:11     | Noticed a two-headed hydra
  8760 | D:11     | Killed a two-headed hydra
  8959 | D:11     | Noticed a cyan ugly thing
  8968 | D:11     | Killed a cyan ugly thing
  9220 | D:12     | Killed an unseen horror
  9225 | D:12     | Noticed Sonja
  9243 | D:12     | Killed Sonja
  9660 | D:12     | Noticed a centaur warrior
  9662 | D:12     | Noticed a white ugly thing
  9663 | D:12     | Noticed a skeletal warrior
  9665 | D:12     | Noticed a death yak
  9666 | D:12     | Noticed a flayed ghost
  9671 | D:12     | Noticed a storm dragon
  9671 | D:12     | a death yak changed into a storm dragon
  9673 | D:12     | Reached skill level 14 in Axes
  9701 | D:12     | Noticed a brown ugly thing
  9709 | D:12     | Killed a brown ugly thing
  9882 | D:12     | Reached XP level 12. HP: 97/97 MP: 11/11
  9954 | D:12     | Killed a centaur warrior
  9960 | D:12     | Reached skill level 15 in Axes
 10237 | D:12     | Got a blackened dagger
 10339 | D:12     | Noticed an eight-headed hydra
 10348 | D:12     | Killed an eight-headed hydra
 10439 | D:12     | Noticed a centaur warrior
 10449 | D:12     | Killed a centaur warrior
 10449 | D:12     | Reached skill level 16 in Axes
 10600 | D:12     | Reached ****** piety under Trog
 10637 | D:12     | Identified the +7 dagger "Demon's Foe" {vamp, +Inv Int+3}
                  | (You found it on level 12 of the Dungeon)
 10694 | D:12     | Noticed an ogre mage
 10701 | D:12     | Killed an ogre mage
 10716 | D:12     | Noticed a centaur warrior
 10722 | D:12     | Received a gift from Trog
 10725 | D:12     | Reached skill level 17 in Axes
 10733 | D:12     | Killed a centaur warrior
 10926 | D:12     | Noticed a fire dragon
 10932 | D:12     | Killed a fire dragon
 10938 | D:12     | Noticed a fire giant
 10940 | D:12     | Noticed a fire giant
 10945 | D:12     | Killed from afar by a fire giant

Levels and vault maps discovered:
D:1:      saegor_arrival_simple_b, layout_basic, minmay_heptomino_h4
D:2:      layout_loops_cross, chequers_ecumenical_altar_simple_redux,
          kennysheep_generic_room_2
D:3:      layout_loops_ring, minitemple, uniq_terence, uniq_sigmund
D:4:      layout_basic, serial_glass, glass_columns_a, glass_columns_a,
          cheibrodos_sewer_entry_bend, first_ration, kennysheep_boxes
D:5:      layout_basic, st_stairs_4
D:6:      layout_rooms, temple_green
D:7:      layout_gridville, serial_shops, kennysheep_mini_moat
D:8:      layout_cave_pools, basic_altar
D:9:      gammafunk_jiyva_shrine, layout_loops_ring,
          kennysheep_orc_monster_closet_entryway
D:10:     layout_loops_ring, dpeg_oklobed_lair, uniq_erica
D:11:     layout_rooms, hangedman_ranch [blue_anna_fruit_fields],
          serial_bayou_pond_a
D:12:     minmay_two_paths, layout_stronghold,
          minmay_checkered_concentric_circles, uniq_sonja

Skill      XL: |  1  2  3  4  5  6  7  8  9 10 11 12 |
---------------+-------------------------------------+-----
Axes           | 4 6 7 8 9 10 12 14 17 | 17.6
Fighting       | 4 6 |  6.5
Shields        | 2 4 6 8 10 12 | 12.0
Armour         | 3 5 7 9 11 12 | 12.3
Dodging        | |  2.2

Action                   |  1- 3 |  4- 6 |  7- 9 | 10-12 || total
-------------------------+-------+-------+-------+-------++-------
Melee: Hand axe          |    68 |   147 |   200 |       ||   415
       Headbutt          |    10 |    32 |    83 |   124 ||   249
       Battleaxe         |       |       |    43 |    13 ||    56
       War axe           |       |       |    38 |   420 ||   458
       Bite              |       |       |       |    71 ||    71
       Flail             |       |       |       |    19 ||    19
       Broad axe         |       |       |       |     7 ||     7
Invok: Berserk           |       |     2 |     2 |     8 ||    12
       Trog's Hand       |       |     1 |     1 |     4 ||     6
  Use: Scroll            |       |       |       |    12 ||    12
       Potion            |       |       |       |     8 ||     8
  Eat: Chunk             |     1 |     9 |    10 |    18 ||    38
       Ration            |       |       |     1 |     2 ||     3
Armor: Leather armour    |    10 |       |       |       ||    10
       Ring mail         |    10 |    18 |       |       ||    28
       Scale mail        |       |    41 |       |       ||    41
       Plate armour      |       |    22 |   144 |   186 ||   352
       Skin              |       |       |       |     1 ||     1
Dodge: Dodged            |    42 |    54 |    51 |    64 ||   211
Block: Buckler           |       |    12 |       |       ||    12
       Large shield      |       |    30 |   186 |   436 ||   652
